 Dungeon Crawl Stone Soup version 0.30-a0-137-gd8773701ce (webtiles) character file.

Game seed: 3739383137840473435

59 SturmBrightblade the Grave Robber (level 4, -2/33 HPs)
             Began as a Ghoul Necromancer on Sept 23, 2022.
             Was a Believer of Dithmenos.
             Slain by a goblin
             ... wielding a +0 dagger
             ... led by Robin
              (3 damage)
             ... on level 2 of the Dungeon.
             The game lasted 00:16:30 (2137 turns).

SturmBrightblade the Grave Robber (GhNe)            Turns: 2137, Time: 00:16:31

Health: -2/33      AC:  4    Str: 11    XL:     4   Next: 3%
Magic:  6/6        EV: 12    Int: 12    God:    Dithmenos [**....]
Gold:   76         SH:  0    Dex: 15    Spells: 6/7 levels left

rFire   . . .      SeeInvis .    c - +0 dagger
rCold   + . .      Faith    .    (no shield)
rNeg    + + +      Spirit   .    a - +0 robe
rPois   ∞          Reflect  .    (no helmet)
rElec   .          Harm     .    (no cloak)
rCorr   .          Rampage  .    u - +1 pair of gloves
Will    .....                    (no boots)
Stlth   +++.......               (no amulet)
HPRegen 0.00/turn                d - +6 ring of dexterity
MPRegen 0.10/turn                (no ring)

@: inhibited regen, wreathed by umbra
A: claws 1, cold resistance 1, negative energy resistance 3, inhibited
regeneration, torment resistance 2, devour on kill
a: Renounce Religion, Shadow Step


You were on level 2 of the Dungeon.
You worshipped Dithmenos.
Dithmenos was pleased with you.
You visited 1 branch of the dungeon, and saw 2 of its levels.

You collected 76 gold pieces.

Inventory:

Hand Weapons
 c - a +0 dagger (weapon)
 h - a +0 dagger
 k - a +0 dagger
 l - a +0 dagger
 n - a +0 short sword
 q - a +0 hand axe
 v - a +0 hand axe
 w - a +0 club
Missiles
 g - 20 stones
Armour
 a - a +0 robe (worn)
 p - a +0 robe
 u - a +1 pair of gloves (worn)
Jewellery
 d - a +6 ring of dexterity (left hand)
Scrolls
 e - a scroll of fear {unknown}
 f - a scroll of teleportation
 i - a scroll of enchant armour {unknown}
 j - a scroll of identify {unknown}
 o - a scroll of poison {unknown}
 r - a scroll of amnesia {unknown}
 t - a scroll of immolation {unknown}
Potions
 b - a potion of magic
 m - a potion of cancellation {unknown}
 s - a potion of heal wounds {unknown}


   Skills:
 + Level 0.2 Fighting
 + Level 2.0 Dodging
 + Level 2.3 Stealth
 + Level 2.1 Spellcasting
 * Level 5.0 Necromancy


You had 6 spell levels left.
You knew the following spells:

 Your Spells              Type           Power      Damage    Failure   Level
a - Necrotise             Necr           52%        1d6       3%          1

Your spell library contained the following spells:

 Spells                   Type           Power      Damage    Failure   Level
 Vampiric Draining        Necr           13%        2d6       10%         3
 Magic Dart               Conj           4%         1d3       26%         1
 Animate Dead             Necr           13%        N/A       32%         4
 Call Imp                 Summ           1%         N/A       38%         2
 Mephitic Cloud           Conj/Pois/Air  1%         N/A       63%         3
 Agony                    Necr           13%        N/A       67%         5


Dungeon Overview and Level Annotations

Branches:
Dungeon (2/15)

Altars:
Dithmenos

Annotations:
D:2 Robin


Innate Abilities, Weirdness & Mutations

You are immune to poison.
You have sharp fingernails.
Your flesh is cold resistant. (rC+)
You are immune to negative energy. (rN+++)
You do not regenerate when monsters are visible.
You are immune to unholy pain and torment.
You thrive by killing the living.


Message History

The hobgoblin no longer looks unusually strong.
The goblin barely misses you. The rat bites your hobgoblin skeleton.
You closely miss the goblin.
The goblin is heavily wounded.
The goblin no longer looks unusually strong.
The hobgoblin no longer looks unusually strong.
Your hobgoblin skeleton hits the rat.
The rat dies!
Dithmenos accepts your kill. The goblin hits you but does no damage.
Robin throws the goblin at you!
You barely miss the goblin.
The goblin is heavily wounded.
The goblin no longer looks unusually strong.
Robin hits your hobgoblin skeleton with a +0 spear.
Your hobgoblin skeleton is destroyed!
The goblin hits you with a +0 dagger. The goblin hits you but does no damage.
You hit the goblin.
The goblin is moderately wounded.
The goblin barely misses you. x2
Robin says, "A pitiful Ghoul like you will never find the ORB!"
Robin roars a battlecry!
The goblins go into a battle-frenzy!
You barely miss the goblin.
The goblin is moderately wounded.
The goblin closely misses you. The goblin barely misses you.
You hit the goblin.
The goblin is severely wounded.
The goblin hits you with a +0 club. The goblin hits you with a +0 dagger.
You hit the goblin.
The goblin is almost dead.
The goblin closely misses you. The goblin hits you with a +0 club.
* * * LOW HITPOINT WARNING * * *
You hit the goblin but do no damage.
The goblin is almost dead.
The goblin closely misses you. The goblin barely misses you.
You are too injured to fight recklessly!
Magic courses through your body. The goblin hits you with a +0 club.
* * * LOW HITPOINT WARNING * * *
The goblin hits you with a +0 dagger.
You die...

...................#
##...............###
########.......#.#
########.......#.#
.......+.......#.#
########.......#.# #
#.......#.# #
#.......#g# #
#########@# # .
#####g####### # ..
#...ggg...... # ...
#...gg....... # ....
#..†......... #
..... #.....#######
.gg...#.....#
........)...#
......#....##


You could see Robin, 4 hobgoblins and 2 goblins.

Vanquished Creatures
  An adder (D:2)
  A dart slug (D:1)
  An orc (D:2)
  5 ball pythons
  5 bats
  3 endoplasms
  4 giant cockroaches
  6 goblins
  4 hobgoblins
  2 jackals (D:1)
  A quokka (D:2)
  3 frilled lizards
  A kobold (D:1)
  A rat (D:2)
38 creatures vanquished.

Vanquished Creatures (collateral kills)
  A frilled lizard (D:1)
  A rat (D:2)
2 creatures vanquished.

Grand Total: 40 creatures vanquished

Notes
Turn   | Place    | Note
-------+----------+-------------------------------------------
     0 | D:1      | SturmBrightblade the Ghoul Necromancer began the quest for
                  | the Orb.
     0 | D:1      | Reached XP level 1. HP: 14/14 MP: 2/2
   375 | D:1      | Found a faded altar of an unknown god.
   380 | D:1      | Reached XP level 2. HP: 20/20 MP: 0/3
   421 | D:1      | Prayed at the altar of an unknown god.
   421 | D:1      | Became a worshipper of Dithmenos the Shadowed
   421 | D:1      | Reached * piety under Dithmenos
  1085 | D:1      | Reached XP level 3. HP: 25/26 MP: 1/4
  1725 | D:2      | Reached skill level 5 in Necromancy
  2023 | D:2      | Reached ** piety under Dithmenos
  2108 | D:2      | Noticed Robin
  2125 | D:2      | Reached XP level 4. HP: 24/33 MP: 1/6
  2137 | D:2      | HP: 1/33 [goblin/+0 club[Robin] (6)]
  2137 | D:2      | Slain by a goblin

Illustrated notes

Levels and vault maps discovered:
D:1:      lightli_arrival_quake, layout_basic,
          nicolae_ecumenical_snake_handling, roderic_roman_lattice
D:2:      minmay_angry_zag, layout_basic, uniq_robin

Skill      XL: |  1  2  3 |
---------------+----------+-----
Spellcasting   | 2 |  2.1
Necromancy     | 5 |  5.0
Dodging        | 2 |  2.0
Fighting       | |  0.2
Stealth        | |  2.3

Action                   |  1- 3 |  4- 6 || total
-------------------------+-------+-------++-------
Melee: Unarmed           |     4 |       ||     4
       Dagger            |    84 |    10 ||    94
       Punch             |     1 |       ||     1
 Cast: Necrotise         |    53 |     2 ||    55
  Use: Scroll            |     1 |       ||     1
       Potion            |       |     1 ||     1
Armor: Robe              |    19 |     3 ||    22
Dodge: Dodged            |    81 |    10 ||    91

Table legend: (Time is in decaauts)
 A = Elapsed time spent in this place.
 B = Non-inter-level travel time spent in this place.
 C = Inter-level travel time spent in this place.
 D = Time resting spent in this place.
 E = Time spent auto-exploring this place.
 F = Levels seen in this place.
 G = Mean time per level.
                   A        B        C        D        E       F      G
               +--------+--------+--------+--------+--------+-----+--------+
         Total |   2135 |   1604 |    531 |      0 |   1279 |   2 | 1067.5 |
       Dungeon |   2135 |   1604 |    531 |      0 |   1279 |   2 | 1067.5 |
               +--------+--------+--------+--------+--------+-----+--------+

Top non-repeatable levels by time:
     D:1: 1579 daAuts
     D:2: 556 daAuts
